 Dungeon Crawl Stone Soup version 0.30-a0-347-gf58ed5266c (webtiles) character file.

Game seed: 15477643070295030569

1556 porpoise the Trooper (level 9, -5/68 HPs)
             Began as a Djinni Fire Elementalist on Nov 7, 2022.
             Slain by a bullfrog (7 damage)
             ... on level 5 of the Dungeon.
             The game lasted 00:28:24 (5218 turns).

porpoise the Trooper (Djinni Fire Elementalist)     Turns: 5218, Time: 00:28:24

Health: -5/68      AC:  4    Str:  7    XL:     9   Next: 12%
Gold:   178        EV: 12    Int: 22    God:
                   SH:  0    Dex: 13

rFire   + . .      SeeInvis .    b - +3 short sword (elec)
rCold   . . .      Faith    .    (no shield)
rNeg    . . .      Spirit   .    e - +1 robe
rPois   ∞          Reflect  .    (no helmet)
rElec   .          Harm     .    (no cloak)
rCorr   .          Rampage  .    y - +0 pair of gloves
Will    .....                    (boots unavailable)
Stlth   +.........               (no amulet)
HPRegen 0.31/turn                d - ring of ice
MPRegen 0.00/turn                (no ring)

@: silenced, marked, flying
A: sickness immunity, fire resistance 2, cold vulnerability 1, float, innate
caster, HP casting, extra vitality 1
a: no special abilities


You were on level 5 of the Dungeon.
You visited 1 branch of the dungeon, and saw 5 of its levels.
You also visited: Ossuary.

You collected 178 gold pieces.

Inventory:

Hand Weapons
 b - a +3 short sword of electrocution (weapon)
 m - a +3 dagger
 n - a +2 whip of electrocution
Missiles
 j - 10 poisoned darts
 s - 6 datura-tipped darts
 v - 2 atropa-tipped darts
Armour
 e - a +1 robe (worn)
 y - a +0 pair of gloves (worn)
 C - the +2 scale mail "Eruunomn" {+Blink Int-3 Dex+5 Stlth+}
   (You found it on level 4 of the Dungeon)

   Int:       It affects your intelligence (-3).
   Dex:       It affects your dexterity (+5).
   +Blink:    It lets you blink.
   Stlth:     It makes you more stealthy.
Magical Staves
 a - a staff of conjuration
 f - a staff of cold
Jewellery
 d - a ring of ice (left hand)
Wands
 r - a wand of flame (14)
Scrolls
 g - 2 scrolls of enchant weapon
 h - a scroll of noise
 k - a scroll of brand weapon {unknown}
 t - 2 scrolls of enchant armour
 w - a scroll of butterflies
 B - a scroll of immolation {unknown}
 F - a scroll of amnesia {unknown}
Potions
 c - 2 potions of mutation
 l - 2 potions of invisibility
 o - 3 potions of curing
 p - 2 potions of heal wounds
 q - 2 potions of resistance {unknown}
 u - 2 potions of might
 x - a potion of ambrosia {unknown}
 z - a potion of flight {unknown}
 A - 2 potions of attraction
 D - a potion of lignification {unknown}


   Skills:
 + Level 7.5 Fighting
 - Level 2.1 Dodging
 - Level 1.5 Stealth
 + Level 6.3 Spellcasting


You couldn't memorise any spells.
You knew the following spells:

 Your Spells              Type           Power      Damage    Failure   Level
a - Foxfire               Conj/Fire      100%       2x1d9     1%          1
b - Scorch                Fire           70%        2d9       1%          2
c - Kindle Blastsparks    Fire/Tloc/Air  70%        2d15      1%          3
d - Inner Flame           Hex/Fire       35%        N/A       1%          3
e - Flame Wave            Conj/Fire      35%        2d10      6%          4
f - Kiss of Death         Conj/Necr      100%       2d13      1%          1
g - Momentum Strike       Conj/Tloc      70%        3d9       1%          2
h - Tukima's Dance        Hex            35%        N/A       1%          3
i - Leda's Liquefaction   Hex/Erth       17%        N/A       6%          4
Your spell library was empty.

Dungeon Overview and Level Annotations

Branches:
Dungeon (5/15)            Ossuary (visited)
 Temple: D:4-7

Altars:
Cheibriados
Qazlal

Shops:
D:4 :


Innate Abilities, Weirdness & Mutations

You are immune to sickness and miasma.
You are immune to poison.
Your flesh is very heat resistant. (rF++)
You are vulnerable to cold. (rC-)
You float through the air rather than walking.
You learn spells naturally, not from books.
Your magical power is your life essence.
You have superior vitality. (+4 MHP)


Message History

Flames lash the bullfrog.
The bullfrog is moderately wounded.
The bullfrog's fire resistance burns away.
The foxfire hits the bullfrog.
The bullfrog is burned terribly!
The bullfrog is heavily wounded.
You hit the bullfrog but do no damage.
The bullfrog is heavily wounded.
The bullfrog hits you. x2
You hear the crackle of electricity.
b - a +3 short sword of electrocution (weapon)
The bullfrog hits you!
You closely miss the bullfrog.
The bullfrog is heavily wounded.
The bullfrog is no longer more vulnerable to fire.
The bullfrog hits you but does no damage.
The bullfrog hits you.
You barely miss the bullfrog.
The bullfrog is heavily wounded.
The bullfrog hits you.
You hit the bullfrog.
The bullfrog is severely wounded.
The bullfrog hits you. The bullfrog completely misses you.
You closely miss the bullfrog.
The bullfrog is severely wounded.
The bullfrog hits you.
The orc priest mumbles some strange prayers to Beogh against you.
Beogh smites you!
* * * LOW HITPOINT WARNING * * *
The bullfrog barely misses you.
The orc priest calls down the wrath of Beogh upon you.
Beogh smites you!
* * * LOW HITPOINT WARNING * * *
The bullfrog barely misses you.
As you read the scroll labelled LASTRO DORATAP, it crumbles to dust.
A profound silence engulfs you.
It was a scroll of silence.
The bullfrog hits you.
* * * LOW HITPOINT WARNING * * *
An orc comes into view. It is wielding a +0 club.
The orc closely misses you. The bullfrog hits you!
You die...

#....#....+...##...
+..o.#....#.. ##...
#.o..#....# #....
#.o..#....# #.... #
#....#...## ##... #.
#.o..'...#########' ...
#...##........#.... ....
##o..##........#.... ..o..
#.F@...........#####
......#..............# ###
......)..............###..
#.....##+####........>##..
###### #...###+#.##..
.....##........
............#.##
............#.##
............#.##


You could see a bullfrog, 2 orc priests and 3 orcs.

Vanquished Creatures
  2 ogres
  A phantom (D:5)
  8 scorpions
  A necrophage (D:4)
  A howler monkey (D:5)
  2 centaur zombies (Ossuary)
  6 human zombies (Ossuary)
  2 orc priests
  2 scorpion zombies (Ossuary)
  Natasha (thrice) (D:3)
  2 iguanas (D:5)
  3 mummies (Ossuary)
  10 adders
  A white imp (D:5)
  5 worms
  4 dart slugs
  12 orcs
  6 bats
  2 endoplasms
  A giant cockroach (D:2)
  2 gnoll zombies (Ossuary)
  12 goblins
  6 hobgoblins
  2 jackals (D:1)
  3 kobolds
  3 quokkas
  3 ball pythons
  3 frilled lizards
  3 goblin zombies (Ossuary)
  3 hobgoblin zombies
  A kobold zombie (Ossuary)
  An orc zombie (Ossuary)
  21 rats
137 creatures vanquished.

Vanquished Creatures (collateral kills)
  A hobgoblin (D:4)
1 creature vanquished.

Vanquished Creatures (others)
  A ball python (D:4)
  336 foxfires
337 creatures vanquished.

Grand Total: 475 creatures vanquished

Notes
Turn   | Place    | Note
-------+----------+-------------------------------------------
     0 | D:1      | porpoise the Djinni Fire Elementalist began the quest for
                  | the Orb.
     0 | D:1      | porpoise set off with the following spells memorised:
                  | Foxfire, Scorch, Kindle Blastsparks, Inner Flame, Flame
                  | Wave.
     0 | D:1      | Reached XP level 1. HP: 15/15 MP: 0/0
    61 | D:1      | Reached XP level 2. HP: 22/22 MP: 0/0
    83 | D:1      | Reached skill level 1 in Fighting
   429 | D:1      | Reached XP level 3. HP: 27/27 MP: 0/0
   429 | D:1      | Learned a level 1 spell: Kiss of Death
   886 | D:2      | Reached skill level 2 in Fighting
  1080 | D:2      | Reached XP level 4. HP: 29/33 MP: 0/0
  1571 | D:3      | Reached XP level 5. HP: 36/40 MP: 0/0
  1571 | D:3      | Learned a level 2 spell: Momentum Strike
  1627 | D:3      | Noticed Natasha
  1632 | D:3      | Killed Natasha
  1633 | D:3      | Reached skill level 3 in Fighting
  1820 | D:3      | Noticed Natasha
  1826 | D:3      | Killed Natasha
  1879 | D:3      | Noticed Natasha
  2117 | D:3      | Killed Natasha
  2118 | D:3      | Reached XP level 6. HP: 45/47 MP: 0/0
  2329 | D:4      | Found a stormy altar of Qazlal.
  2403 | D:4      | Found a sand-covered staircase.
  2431 | Ossuary  | Entered an ossuary
  2452 | Ossuary  | Reached skill level 4 in Fighting
  2515 | Ossuary  | Reached XP level 7. HP: 11/53 MP: 0/0
  2515 | Ossuary  | Learned a level 3 spell: Tukima's Dance
  2551 | Ossuary  | Reached skill level 5 in Fighting
  2940 | Ossuary  | Reached skill level 5 in Spellcasting
  2944 | Ossuary  | Reached XP level 8. HP: 50/60 MP: 0/0
  3116 | Ossuary  | Reached skill level 6 in Fighting
  3439 | D:4      | Found Ynycwaan's Book Boutique.
  3825 | D:4      | Identified the +2 scale mail "Eruunomn" {+Blink Int-3 Dex+5
                  | Stlth+}
  4509 | D:5      | Entered Level 5 of the Dungeon
  4581 | D:5      | Found a snail-covered altar of Cheibriados.
  4771 | D:5      | Reached skill level 7 in Fighting
  4903 | D:5      | Reached XP level 9. HP: 53/68 MP: 0/0
  4903 | D:5      | Learned a level 4 spell: Leda's Liquefaction
  5217 | D:5      | HP: 2/68 [bullfrog (5)]
  5218 | D:5      | Slain by a bullfrog

Illustrated notes

Levels and vault maps discovered:
D:1:      scummos_arrival_forest, layout_basic
D:2:      layout_loops_ring
D:3:      layout_loops_cross, vehumet_altar_wand_db, fountainhead, uniq_natasha
D:4:      layout_gridville, grunt_qazlal_clouds, enter_ossuary_3, serial_shops,
          shop, minmay_rat_hole
D:5:      layout_gridville, nicolae_overflow_crystal_walls, solitary_fountain,
          minivault_1, chequers_garden

Skill      XL: |  1  2  3  4  5  6  7  8 |
---------------+-------------------------+-----
Fighting       | 1 2 3 4 5 7 |  7.5
Spellcasting   | 3 4 5 6 |  6.3
Dodging        | |  2.1
Stealth        | |  1.5

Action                   |  1- 3 |  4- 6 |  7- 9 || total
-------------------------+-------+-------+-------++-------
Melee: Whip              |    12 |    10 |       ||    22
       Unarmed           |     1 |       |       ||     1
       Short sword       |       |    26 |    52 ||    78
       Punch             |       |       |     2 ||     2
       Staff             |       |       |     1 ||     1
 Cast: Foxfire           |    39 |    49 |   106 ||   194
       Scorch            |     1 |    16 |    31 ||    48
       Tukima's Dance    |       |       |     5 ||     5
       Flame Wave        |       |       |     1 ||     1
  Use: Scroll            |       |     5 |    12 ||    17
       Potion            |       |       |     2 ||     2
 Stab: Sleeping          |     1 |       |       ||     1
Armor: Robe              |     3 |    13 |    14 ||    30
Dodge: Dodged            |    10 |    17 |    39 ||    66

Table legend: (Time is in decaauts)
 A = Elapsed time spent in this place.
 B = Non-inter-level travel time spent in this place.
 C = Inter-level travel time spent in this place.
 D = Time resting spent in this place.
 E = Time spent auto-exploring this place.
 F = Levels seen in this place.
 G = Mean time per level.
                   A        B        C        D        E       F      G
               +--------+--------+--------+--------+--------+-----+--------+
         Total |   5215 |   5051 |    164 |   1312 |   2525 |   6 |  869.2 |
       Dungeon |   4329 |   4165 |    164 |    826 |   2525 |   5 |  865.8 |
       Ossuary |    885 |    885 |      0 |    486 |      0 |   1 |  885.0 |
               +--------+--------+--------+--------+--------+-----+--------+

Top non-repeatable levels by time:
     D:4: 1313 daAuts
     D:3: 888 daAuts
 Ossuary: 885 daAuts
     D:1: 752 daAuts
     D:5: 707 daAuts
     D:2: 668 daAuts
